 Dungeon Crawl Stone Soup version 0.30.1-9-gdf580d7c3d (webtiles) character file.

Game seed: 12718006633546389758

2462 bearlyready the Grappler (level 9, -2/132 HPs)
             Began as a Troll Transmuter on Oct 16, 2023.
             Was a Follower of Cheibriados.
             Slain by a wight
             ... wielding a +2 hand axe
              (4 damage)
             ... on level 7 of the Dungeon.
             The game lasted 00:06:51 (4614 turns).

bearlyready the Grappler (Troll Transmuter)         Turns: 4614, Time: 00:06:52

Health: -2/132     AC: 20    Str: 26    XL:     9   Next: 26%
Magic:  8/9        EV:  1    Int: 15    God:    Cheibriados [*.....]
Gold:   381        SH:  0    Dex: 12    Spells: 7/10 levels left

rFire   . .          .
                       - Unarmed
rCold   + . .        (no shield)
rNeg    . . .        D - melded +0 swamp dragon scales
rPois   +            (helmet currently unavailable)
rElec   .            I - melded +0 cloak
rCorr   +            (gloves unavailable)
SInv    .            (boots unavailable)
Will    +....        t - amulet of regeneration
Stlth   ++           s - ring of resist corrosion
HPRegen 2.02/turn    p - ring of the Duke {*Corrode rC+ Will+ Str+4 Stlth+}
MPRegen 0.11/turn

%: corrode self (3%)
@: tree-form, wereblooded, corroded, very slow
A: stationary, stasis, torment immunity, boosted hp, large, unfitting armour,
(claws 3), regeneration 1, (shaggy fur 1), (tough skin 1)
a: Renounce Religion, Bend Time


You were on level 7 of the Dungeon.
You worshipped Cheibriados.
Cheibriados was aware of your devotion.
You were a tree.
You visited 2 branches of the dungeon, and saw 8 of its levels.

You collected 381 gold pieces.

Inventory:

Missiles
 w - 11 poisoned darts (quivered)
 A - 2 silver javelins
Armour
 y - a +2 robe of positive energy
 D - +0 swamp dragon scales (melded)
 I - a +0 cloak (melded)
 J - a +2 robe of cold resistance
Magical Staves
 z - a staff of fire
Jewellery
 p - the ring of the Duke (right branch) {*Corrode rC+ Will+ Str+4 Stlth+}
   (You found it on level 2 of the Dungeon)

   [ring of willpower]

   Str:       It affects your strength (+4).
   rC:        It protects you from cold.
   *Corrode:  It may corrode you when you take damage.
   Will:      It increases your willpower.
   Stlth:     It makes you more stealthy.
 s - a ring of resist corrosion (left branch)
 t - an amulet of regeneration (around neck)
 v - an amulet of faith
 G - an amulet of the acrobat
Wands
 a - a wand of digging (7)
 F - a wand of quicksilver (13)
 K - a wand of iceblast (11)
 L - a wand of charming (1)
Scrolls
 c - 6 scrolls of identify {unknown}
 d - 4 scrolls of teleportation {unknown}
 i - a scroll of acquirement {unknown}
 j - 2 scrolls of fog {unknown}
 m - a scroll of amnesia {unknown}
 q - a scroll of poison {unknown}
 u - 6 scrolls of enchant armour {unknown}
 x - a scroll of vulnerability {unknown}
 B - 2 scrolls of blinking {unknown}
 C - 2 scrolls of immolation {unknown}
Potions
 b - 2 potions of lignification
 f - 3 potions of invisibility {unknown}
 g - a potion of might {unknown}
 h - a potion of brilliance {unknown}
 k - a potion of ambrosia {unknown}
 l - 5 potions of curing {unknown}
 n - a potion of cancellation {unknown}
 o - 4 potions of flight {unknown}
 r - 2 potions of haste {unknown}
 E - 2 potions of degeneration {unknown}
 H - a potion of mutation {unknown}


   Skills:
 + Level 5.4 Fighting
 - Level 1.5 Dodging
 + Level 10.5 Unarmed Combat
 - Level 1.2 Spellcasting
 - Level 3.1 Transmutations


You had 7 spell levels left.
You knew the following spells:

 Your Spells              Type           Power      Damage    Failure   Level
a - Beastly Appendage     Tmut           20%        N/A       7%          1
b - Wereblood             Tmut           10%        N/A       10%         2

Your spell library contained the following spells:

 Spells                   Type           Power      Damage    Failure   Level
 Spider Form              Tmut/Pois      5%         N/A       36%         3
 Tukima's Dance           Hex            0%         N/A       58%         3
 Ice Form                 Ice/Tmut       5%         N/A       77%         4
 Passage of Golubria      Tloc           0%         N/A       94%         4
 Yara's Violent Unravell  Hex/Tmut       2%         3d3       98%         5
 Iskenderun's Battlesphe  Conj           0%         2d6       100%        5
 Iron Shot                Conj/Erth      0%         9d1       100%        6
 Spellforged Servitor     Conj/Summ      0%         N/A       100%        7


Dungeon Overview and Level Annotations

Branches:
Dungeon (7/15)             Temple (1/1) D:4

Altars:
Ashenzari
Cheibriados
Dithmenos
Elyvilon
Fedhas
Gozag
Hepliaklqana
Kikubaaqudgha
Makhleb
Nemelex Xobeh
Okawaru
Qazlal
Ru
Sif Muna
Trog
Uskayaw
Vehumet
Wu Jian
Xom
Yredelemnul
Zin
The Shining One

Shops:
D:4 ([[(   D:6 (


Innate Abilities, Weirdness & Mutations

You are a tree.
Your roots penetrate the ground, keeping you stationary.
You cannot be teleported.
You are immune to unholy pain and torment.
Your maximum health is greatly increased.
Your equipment is partially melded.
You are too large for most types of armour.
((You have claws for hands.))
Your natural rate of healing is unusually fast.
((You are covered in fur. (AC +1)))
((You have tough skin. (AC +1)))


Message History

The ogre resists with some effort.
The ogre hits you with a +0 giant club!
* * * LOW HITPOINT WARNING * * *
The orc warrior hits you but does no damage.
Aiming: Charm
Press: ? - help, Shift-Dir - straight line, f/p - ogre
Aim: an ogre, wielding a +0 giant club (heavily wounded, chance to affect: 49%)
The ogre is charmed.
The orc warrior hits you but does no damage.
The wight hits your ogre with a +2 hand axe!
Your ogre dies!
You feel much better.
The orc warrior hits you with a +0 glaive!
* * * LOW HITPOINT WARNING * * *
Aiming: Iceblast
Press: ? - help, Shift-Dir - straight line, f - orc warrior
Aim: an orc warrior, wielding a +0 glaive and wearing a +0 chain mail (severely wounded)
Okay, then.
Aiming: Charm
Press: ? - help, Shift-Dir - straight line, f - orc warrior
Aim: an orc warrior, wielding a +0 glaive and wearing a +0 chain mail (severely wounded, chance to affect: 49%)
The orc warrior resists with some effort.
The orc warrior hits you with a +0 glaive!
* * * LOW HITPOINT WARNING * * *
The wight hits you with a +2 hand axe!
* * * LOW HITPOINT WARNING * * *
Aiming: Charm
Press: ? - help, Shift-Dir - straight line, f/p - orc warrior
Aim: an orc warrior, wielding a +0 glaive and wearing a +0 chain mail (severely wounded, chance to affect: 49%)
The orc warrior resists with some effort.
The orc warrior hits you with a +0 glaive.
* * * LOW HITPOINT WARNING * * *
The wight hits you but does no damage.
Aiming: Charm
Press: ? - help, Shift-Dir - straight line, f/p - orc warrior
Aim: an orc warrior, wielding a +0 glaive and wearing a +0 chain mail (severely wounded, chance to affect: 49%)
The orc warrior resists with some effort.
The orc warrior hits you with a +0 glaive.
* * * LOW HITPOINT WARNING * * *
The wight hits you with a +2 hand axe.
You die...

###......##.########....
#......####..## #....
#......# ##..### #....
#....### ##...## #....
#....# ###..###....
#....# ##...#....
##################.#[...
#.....z......... #.###.#
#.....o♣........ #.###..
#..#####..#####. #...#..
......#..#..... ###.#..
......#..#..... #.#..
####..#..#..### #...#
.....#..#..... ####...
......#..#..... #......
..#####..#####. #.###(#
.....o#..#..... #.#....


You could see an orc warrior and a wight.

Vanquished Creatures
  Pikel (D:7)
  Prince Ribbit (D:5)
  Sigmund (D:3)
  Menkaure (D:7)
  2 water moccasins (D:6)
  A sky beast (D:6)
  A black bear (D:5)
  2 phantoms
  A lemure (D:7)
  A bullfrog (D:6)
  3 scorpions
  A howler monkey (D:5)
  2 orc priests (D:7)
  A jelly (D:6)
  Crazy Yiuf (D:4)
  A sleepcap (D:6)
  Jessica (D:3)
  5 iguanas
  Natasha (twice) (D:3)
  3 orc wizards
  11 gnolls
  6 adders
  A shadow imp (D:6)
  2 white imps
  A worm (D:4)
  3 dart slugs
  8 orcs
  5 bats
  8 endoplasms
  A giant cockroach (D:1)
  3 goblins
  8 hobgoblins
  2 quokkas
  8 ball pythons
  10 frilled lizards
  5 kobolds
  4 rats
118 creatures vanquished.

Vanquished Creatures (others)
  An ogre (D:7)
1 creature vanquished.

Grand Total: 119 creatures vanquished

Notes
Turn   | Place    | Note
-------+----------+-------------------------------------------
     0 | D:1      | bearlyready the Troll Transmuter began the quest for the
                  | Orb.
     0 | D:1      | Reached XP level 1. HP: 18/18 MP: 1/1
   253 | D:1      | Reached XP level 2. HP: 25/26 MP: 2/2
   366 | D:1      | Learned a level 2 spell: Wereblood
   557 | D:2      | Identified the ring of the Duke {*Corrode rC+ Will+ Str+4
                  | Stlth+}
   591 | D:2      | Reached XP level 3. HP: 30/32 MP: 3/3
  1036 | D:2      | Reached skill level 4 in Unarmed Combat
  1038 | D:2      | Reached XP level 4. HP: 40/40 MP: 0/4
  1456 | D:3      | Noticed a phantom
  1466 | D:3      | Killed a phantom
  1467 | D:3      | Reached XP level 5. HP: 35/46 MP: 3/5
  1615 | D:3      | Noticed Sigmund
  1657 | D:3      | Killed Sigmund
  1658 | D:3      | Reached skill level 6 in Unarmed Combat
  1658 | D:3      | Reached XP level 6. HP: 54/54 MP: 6/6
  1687 | D:3      | Noticed Jessica
  1693 | D:3      | Killed Jessica
  1867 | D:3      | Noticed Natasha
  1872 | D:3      | Killed Natasha
  1910 | D:3      | Noticed Natasha
  1915 | D:3      | Killed Natasha
  2019 | D:4      | Reached skill level 7 in Unarmed Combat
  2019 | D:4      | Reached XP level 7. HP: 61/61 MP: 7/7
  2079 | D:4      | Found Soirio's Armour Emporium.
  2087 | D:4      | Found Quesoiza's Antique Weapon Emporium.
  2266 | D:4      | Found a runed translucent door.
  2267 | D:4      | Noticed Crazy Yiuf
  2299 | D:4      | Found Edemudey's Weapon Boutique.
  2409 | D:4      | Found Zaizu's Antique Armour Shoppe.
  2494 | D:4      | Found a staircase to the Ecumenical Temple.
  2506 | Temple   | Entered the Ecumenical Temple
  2695 | Temple   | Became a worshipper of Cheibriados the Contemplative
  2787 | D:5      | Entered Level 5 of the Dungeon
  2793 | D:5      | Reached skill level 8 in Unarmed Combat
  2834 | D:5      | Reached skill level 1 in Fighting
  3160 | D:5      | Noticed Prince Ribbit
  3176 | D:5      | Killed Prince Ribbit
  3177 | D:5      | Reached XP level 8. HP: 58/74 MP: 8/8
  3337 | D:6      | Reached skill level 9 in Unarmed Combat
  3363 | D:6      | Found a broken altar of Ashenzari.
  3367 | D:6      | Found Vidyusm's Antique Weapon Shoppe.
  3379 | D:6      | Found a basalt altar of Yredelemnul.
  3445 | D:6      | Reached * piety under Cheibriados
  3817 | D:4      | Killed Crazy Yiuf
  3896 | D:7      | Noticed Pikel
  3918 | D:7      | Killed Pikel
  3919 | D:7      | Reached skill level 5 in Fighting
  3919 | D:7      | Reached skill level 10 in Unarmed Combat
  3919 | D:7      | Reached XP level 9. HP: 62/88 MP: 6/9
  3950 | D:7      | Noticed Menkaure
  3958 | D:7      | Killed Menkaure
  4604 | D:7      | HP: 3/88 [orc warrior/+0 glaive (15)]
  4609 | D:7      | HP: 2/132 [ogre/+0 giant club (14)]
  4614 | D:7      | HP: 2/132 [orc warrior/+0 glaive (6)]
  4614 | D:7      | Slain by a wight

Illustrated notes

Levels and vault maps discovered:
D:1:      sevenhm_arrival_forest_fort_small_3, layout_basic,
          corexii_leaking_fountain
D:2:      layout_loops_corners
D:3:      layout_basic, minmay_lizard_king, uniq_jessica, uniq_sigmund,
          uniq_natasha
D:4:      layout_rooms, minmay_temple_entry_fiery, serial_shops, shop,
          nicolae_shop_back_alley_shop, kennysheep_mini_moat,
          nicolae_shop_hallway_plus, uniq_crazy_yiuf_cottage
D:5:      layout_basic, chequers_garden, uniq_prince_ribbit1
D:6:      layout_cave_pools, grunt_temple_overflow_open, serial_shops, shop
D:7:      kennysheep_windowed_halls, layout_basic, uniq_menkaure, uniq_pikel
Temple:   nicolae_temple_bog_church

Skill      XL: |  1  2  3  4  5  6  7  8 |
---------------+-------------------------+-----
Transmutations | 2 3 |  3.1
Unarmed Combat | 4 6 7 8 10 | 10.5
Fighting       | 2 5 |  5.4
Dodging        | |  1.5
Spellcasting   | |  1.2

Action                     |  1- 3 |  4- 6 |  7- 9 || total
---------------------------+-------+-------+-------++-------
  Melee: Unarmed           |    69 |    75 |   182 ||   326
         Punch             |     2 |     2 |     8 ||    12
         Kick              |     1 |     6 |     7 ||    14
         Headbutt          |       |     2 |     2 ||     4
  Throw: Dart              |       |       |     8 ||     8
   Cast: Beastly Appendage |     1 |     2 |     4 ||     7
         Wereblood         |     1 |     1 |     4 ||     6
  Evoke: Wand              |       |       |     6 ||     6
    Use: Potion            |       |       |     3 ||     3
   Stab: Sleeping          |       |     4 |     3 ||     7
 Armour: Robe              |    21 |    10 |     3 ||    34
         Swamp dragon scal |       |       |    42 ||    42
         Skin              |       |       |     4 ||     4
  Dodge: Dodged            |    33 |    25 |    72 ||   130
